 Dungeon Crawl Stone Soup version 0.29.1-2-gbd0b4ee654 (webtiles) character file.

Game seed: 16980595625093260127

295 qeuew the Sneak (level 6, -9/24 HPs)
             Began as a Felid Conjurer on Nov 7, 2022.
             Killed by divine providence
             ... invoked by an orc priest
              (10 damage)
             ... on level 4 of the Dungeon.
             The game lasted 00:07:27 (4439 turns).

qeuew the Sneak (Felid Conjurer)                    Turns: 4439, Time: 00:07:27

Health: -9/24      AC:  2    Str:  3    XL:     6   Next: 11%
Magic:  0/12       EV: 18    Int: 22    God:
Gold:   134        SH:  0    Dex: 14    Spells: 8/11 levels left
                                        Lives:  0   Deaths: 1

rFire   . . .      SeeInvis +     - Unarmed
rCold   . . .      Faith    .   (shield unavailable)
rNeg    . . .      Spirit   .   (body armour unavailable)
rPois   .          Reflect  .   (helmet unavailable)
rElec   .          Harm     .   (cloak unavailable)
rCorr   .          Rampage  .   (gloves unavailable)
Will    .....                   (boots unavailable)
Stlth   +++.......              (no amulet)
HPRegen 0.08/turn               (no ring)
MPRegen 0.13/turn               (no ring)

@: quick
A: very small, claws 1, fangs 3, see invisible, speed 1, shaggy fur 2, stealthy
paws, no weapons or thrown items, no armour, multi-lived
a: no special abilities


You were on level 4 of the Dungeon.
You visited 1 branch of the dungeon, and saw 4 of its levels.

You collected 134 gold pieces.

Inventory:

Scrolls
 c - 2 scrolls of blinking
 d - a scroll of identify
 e - a scroll of magic mapping
Potions
 a - a potion of magic
 b - a potion of brilliance
 f - a potion of flight


   Skills:
 + Level 4.8 Dodging
 + Level 5.1 Stealth
 + Level 2.2 Unarmed Combat
 + Level 3.3 Spellcasting
 + Level 4.6 Conjurations


You had 8 spell levels left.
You knew the following spells:

 Your Spells              Type           Power      Damage    Failure   Level
a - Magic Dart            Conj           96%        1d7       1%          1
b - Searing Ray           Conj           48%        2d6       2%          2

Your spell library contained the following spells:

 Spells                   Type           Power      Damage    Failure   Level
 Dazzling Flash           Conj/Hex       26%        N/A       14%         3
 Fulminant Prism          Conj/Hex       6%         3d7       41%         4
 Iskenderun's Mystic Bla  Conj/Tloc      13%        2d5       41%         4


Dungeon Overview and Level Annotations

Branches:
Dungeon (4/15)
 Temple: D:4-7

Altars:


Innate Abilities, Weirdness & Mutations

You have sharp claws.
You have razor-sharp teeth.
You have supernaturally acute eyesight. (SInv)
You cover ground quickly. (Speed+)
You are covered in thick fur. (AC +2)
Your paws help you pounce on unaware monsters.
You are incapable of wielding weapons or throwing items.
You cannot wear armour.
You gain extra lives every three experience levels.


Message History

The orc priest is heavily wounded.
The magic dart hits the orc priest.
The orc priest is severely wounded.
The magic dart hits the orc priest.
The orc priest is almost dead.
The orc priest mumbles some strange prayers to Beogh against you.
Beogh smites you!
You are too injured to fight recklessly!
You are too injured to fight recklessly!
You are too injured to fight recklessly!
You are too injured to fight recklessly!
You see here a hound corpse.
You scratch the orc priest but do no damage.
The orc priest is almost dead.
The orc priest mumbles some strange prayers to Beogh against you.
Beogh smites you!
* * * LOW HITPOINT WARNING * * *
Aiming: Magic Dart (safe; 1% risk of failure)
Press: ? - help, Q - select action, (/) - cycle Shift-Dir - straight line, f/p - orc priest
Aim: an orc priest, wielding a +0 flail and wearing a +0 ring mail (almost dead, 100% to hit)
The magic dart hits the orc priest but does no damage.
The orc priest is almost dead.
The orc priest closely misses you.
Aiming: Magic Dart (safe; 1% risk of failure)
Press: ? - help, Q - select action, (/) - cycle Shift-Dir - straight line, f/p - orc priest
Aim: an orc priest, wielding a +0 flail and wearing a +0 ring mail (almost dead, 100% to hit)
The magic dart hits the orc priest but does no damage.
The orc priest is almost dead.
The orc priest casts a cantrip, but nothing happens.
Aiming: Magic Dart (safe; 1% risk of failure)
Press: ? - help, Q - select action, (/) - cycle Shift-Dir - straight line, f/p - orc priest
Aim: an orc priest, wielding a +0 flail and wearing a +0 ring mail (almost dead, 100% to hit)
The magic dart hits the orc priest.
The orc priest is almost dead.
The orc priest closely misses you.
You scratch the orc priest but do no damage.
The orc priest is almost dead.
The orc priest mumbles some strange prayers to Beogh against you.
Beogh smites you!
You die...

... #).. ..###..... ..
... #..# #..#......
...##.##..#####.........
...#..<.....#...........
...............###....#
#...##.......# ##.....
##....#......####......
##.......##.#...#......#
#......@..#...........##
##....o............).##
..)..............))..##
................))....#
##.....##.#......##...#
.....#...........##...##
....##..............##..
....##..........#..###..
#...................


You could see an orc priest.

Vanquished Creatures
  A phantom (D:4)
  A hound (D:4)
  2 orc priests (D:4)
  Natasha (thrice) (D:2)
  Robin (D:3)
  4 gnolls (D:2)
  An adder (D:3)
  2 worms (D:2)
  2 dart slugs (D:1)
  4 orcs (D:4)
  5 ball pythons
  3 bats
  5 endoplasms
  2 giant cockroaches
  18 goblins
  6 hobgoblins
  6 kobolds
  6 quokkas
  3 frilled lizards
  9 rats
84 creatures vanquished.

Notes
Turn   | Place    | Note
-------+----------+-------------------------------------------
     0 | D:1      | qeuew the Felid Conjurer began the quest for the Orb.
     0 | D:1      | Reached XP level 1. HP: 7/7 MP: 4/4
   254 | D:1      | Reached skill level 3 in Stealth
   275 | D:1      | Found a faded altar of an unknown god.
   280 | D:1      | Reached XP level 2. HP: 11/11 MP: 3/6
   546 | D:1      | Learned a level 2 spell: Searing Ray
  1023 | D:1      | Reached XP level 3. HP: 11/14 MP: 4/7
  1805 | D:2      | Noticed Natasha
  1813 | D:2      | Killed Natasha
  1814 | D:2      | Reached XP level 4. HP: 9/18 MP: 2/8
  1979 | D:2      | Noticed Natasha
  1983 | D:2      | Killed Natasha
  1984 | D:2      | Reached skill level 1 in Unarmed Combat
  2400 | D:2      | Noticed Natasha
  2406 | D:2      | Killed Natasha
  2407 | D:2      | Reached skill level 4 in Stealth
  2965 | D:2      | Reached XP level 5. HP: 17/21 MP: 5/10
  3617 | D:3      | Noticed Robin
  3652 | D:3      | Slain by an adder
  3653 | D:3      | Reached XP level 4. HP: 0/18 MP: 2/9
  3893 | D:3      | Killed Robin
  4157 | D:4      | Noticed a phantom
  4173 | D:4      | Killed a phantom
  4174 | D:4      | Reached XP level 5. HP: 15/21 MP: 0/10
  4262 | D:4      | HP: 1/21 [orc priest/+0 club (4)]
  4270 | D:4      | Reached skill level 5 in Stealth
  4396 | D:4      | Gained mutation: You are covered in thick fur. (AC +2)
                  | [Felid growth]
  4396 | D:4      | Reached XP level 6. HP: 20/24 MP: 6/12
  4435 | D:4      | HP: 1/24 [orc priest/divine providence (11)]
  4439 | D:4      | Killed from afar by an orc priest

Illustrated notes

Levels and vault maps discovered:
D:1:      co_arrival_square_in_a_square_in_a_square, layout_loops_ring,
          serial_glass, glass_columns_a, glass_columns_b,
          hellmonk_ecumenical_altar_slurped_away
D:2:      layout_basic, minmay_misc_feat_alley, uniq_natasha
D:3:      layout_rooms, minivault_11, glass_columns_b, uniq_robin
D:4:      layout_cave_pools, grunt_ministairs_9

Skill      XL: |  1  2  3  4  5 |
---------------+----------------+-----
Dodging        | 3 4 |  4.8
Stealth        | 3 4 5 |  5.1
Conjurations   | 4 |  4.6
Unarmed Combat | 1 2 |  2.2
Spellcasting   | 3 |  3.3

Action                   |  1- 3 |  4- 6 || total
-------------------------+-------+-------++-------
Melee: Unarmed           |    27 |    46 ||    73
       Bite              |     3 |     3 ||     6
       Punch             |     1 |       ||     1
 Cast: Magic Dart        |    70 |    61 ||   131
       Searing Ray       |     1 |    29 ||    30
  Use: Scroll            |     3 |     4 ||     7
       Potion            |     1 |     2 ||     3
 Stab: Sleeping          |       |     1 ||     1
Armor: Skin              |       |     3 ||     3
Dodge: Dodged            |    23 |    61 ||    84
